[Event "Titled Tuesday Blitz April 11 Early 2023"]
[White "Salinas Herrera, Pablo"]
[Black "Paravyan, David"]
[WhiteFideId "3407128"]
[BlackFideId "4194985"]
[WhiteElo "2546"]
[BlackElo "2563"]
[Result "1/2-1/2"]
[Round "04"]
[TimeControl "180+2"]
[Date "2023.04.11"]
[WhiteClock "0:00:13"]
[BlackClock "0:00:04"]

1. e4 e5 2. Nf3 Nf6 3. Nxe5 d6 4. Nf3 Nxe4 5. d3 Nf6 6. d4 d5 7. Bd3 Bd6 8. Qe2+ Be7 9. O-O O-O 10. Re1 Bd6 11. Qf1 Nc6 12. c3 Re8 13. Bg5 Rxe1 14. Qxe1 h6 15. Bh4 g5 16. Bg3 Bg4 17. Nbd2 Nh5 18. Qe3 Nf4 19. Bc2 Ne7 20. Re1 Nf5 21. Bxf5 Bxf5 22. h4 Qf6 23. hxg5 hxg5 24. Ne5 Bh7 25. Ndf3 Be4 26. Nxg5 Qxg5 27. Qxf4 Qxf4 28. Bxf4 f6 29. Nd7 Bxf4 30. Nxf6+ Kf7 31. Nxe4 dxe4 32. Rxe4 Bc1 33. b3 a5 34. d5 b5 35. a4 Rb8 36. axb5 Rxb5 37. Rc4 Rxb3 38. Rxc7+ Ke8 39. g3 a4 40. Ra7 a3 41. c4 Rc3 42. Ra4 Bb2 43. Kg2 Kd7 44. g4 Kd6 45. f4 Kc5 46. g5 Rxc4 47. Rxc4+ Kxc4 48. d6 Bd4 49. d7 Bb6 50. g6 a2 51. g7 a1=Q 52. g8=Q+ Kb4 53. Qf8+ Kb5 54. Qf5+ Kc6 55. Qe6+ Kc7 56. Qxb6+ Kxd7 57. Kf3 Ke7 58. Qc7+ Kf6 59. Qd6+ Kf7 60. Kg4 Qg1+ 61. Kf5 Qb1+ 62. Ke5 Qe1+ 63. Kf5 Qb1+ 64. Ke5 Qe1+ 65. Kf5 Qb1+ 1/2-1/2


[Site "https://www.chess.com"]

[Event "Titled Tuesday Blitz April 11 Early 2023"]
[White "Bluebaum, Matthias"]
[Black "Asis Gargatagli, Hipolito"]
[WhiteFideId "24651516"]
[BlackFideId "2260735"]
[WhiteElo "2638"]
[BlackElo "2557"]
[Result "1-0"]
[Round "04"]
[TimeControl "180+2"]
[Date "2023.04.11"]
[WhiteClock "0:01:47"]
[BlackClock "0:02:15"]

1. d4 Nf6 2. c4 e6 3. Nc3 Bb4 4. e3 O-O 5. Bd2 d5 6. Nf3 Re8 7. Rc1 Bf8 8. Qc2 Nbd7 9. cxd5 exd5 10. Bd3 a6 11. Ng5 g6 12. h4 c5 13. h5 cxd4 14. hxg6 fxg6 15. Bxg6 Re7 16. Nxd5 Rg7 17. Ne6 1-0


[Site "https://www.chess.com"]

[Event "Titled Tuesday Blitz April 11 Early 2023"]
[White "Firouzja, Alireza"]
[Black "Bharath Subramaniyam H"]
[WhiteFideId "12573981"]
[BlackFideId "46634827"]
[WhiteElo "2904"]
[BlackElo "2395"]
[Result "1-0"]
[Round "04"]
[TimeControl "180+2"]
[Date "2023.04.11"]
[WhiteClock "0:00:27"]
[BlackClock "0:00:03"]

1. e4 c6 2. Nc3 d5 3. Qf3 Nf6 4. e5 Nfd7 5. Qg3 e6 6. d4 c5 7. dxc5 Nc6 8. Nf3 Nxc5 9. Be2 d4 10. Nb5 a6 11. Nd6+ Bxd6 12. Qxg7 Rf8 13. exd6 Qxd6 14. Bh6 e5 15. Qxf8+ Qxf8 16. Bxf8 Kxf8 17. O-O Bf5 18. Rac1 e4 19. Nd2 Rd8 20. Rfe1 Na4 21. Bf1 Re8 22. Nc4 Bg6 23. f3 e3 24. c3 b5 25. Nd6 Re6 26. Ne4 Bxe4 27. fxe4 dxc3 28. b3 Nc5 29. Rxc3 Nxe4 30. Rcxe3 Ng5 31. Rxe6 Nxe6 32. Bd3 Nb4 33. Bb1 h6 34. Rc1 Ke7 35. Rc8 Kd6 36. Kf2 Nd5 37. Be4 Nb4 38. a3 Na2 39. Rc2 Nc5 40. Ke3 Nxb3 41. Rxa2 Na5 42. Bd3 Kc5 43. Rc2+ Kb6 44. Rf2 1-0


[Site "https://www.chess.com"]

[Event "Titled Tuesday Blitz April 11 Early 2023"]
[White "Vidit, Santosh Gujrathi"]
[Black "Durarbayli, Vasif"]
[WhiteFideId "5029465"]
[BlackFideId "13402935"]
[WhiteElo "2651"]
[BlackElo "2551"]
[Result "1/2-1/2"]
[Round "04"]
[TimeControl "180+2"]
[Date "2023.04.11"]
[WhiteClock "0:00:07"]
[BlackClock "0:00:03"]

1. d4 Nf6 2. c4 e6 3. Nf3 b6 4. g3 Bb7 5. Bg2 Be7 6. O-O O-O 7. Re1 Ne4 8. Nfd2 d5 9. cxd5 exd5 10. Nc3 f5 11. Nf3 c5 12. Bf4 Nc6 13. dxc5 Bxc5 14. e3 d4 15. Nxe4 fxe4 16. Ng5 dxe3 17. fxe3 Nb4 18. Qh5 h6 19. Ne6 Qe8 20. Qg4 Rf7 21. Nxc5 bxc5 22. Rad1 Nd3 23. Re2 Kh7 24. h4 Bc8 25. Qh5 Bf5 26. g4 Bg6 27. Qd5 Rxf4 28. exf4 Nxf4 29. Qd2 Nxe2+ 30. Qxe2 h5 31. gxh5 Bf5 32. Qe3 Qe5 33. Rf1 Re8 34. Qg5 Bc8 35. Qxe5 Rxe5 36. Re1 e3 37. Bf3 Ba6 38. Kg2 Bd3 39. Kg3 c4 40. Kf4 Re6 41. Rxe3 Rf6+ 42. Kg3 Rb6 43. b3 cxb3 44. a3 b2 1/2-1/2


[Site "https://www.chess.com"]

[Event "Titled Tuesday Blitz April 11 Early 2023"]
[White "Sarana, Alexey"]
[Black "Aravindh, Chithambaram VR."]
[WhiteFideId "24133795"]
[BlackFideId "5072786"]
[WhiteElo "2714"]
[BlackElo "2596"]
[Result "1-0"]
[Round "04"]
[TimeControl "180+2"]
[Date "2023.04.11"]
[WhiteClock "0:00:10"]
[BlackClock "0:00:02"]

1. d4 g6 2. c4 Bg7 3. e4 c5 4. d5 d6 5. Bd3 e5 6. Nc3 Ne7 7. Be3 f5 8. f3 O-O 9. Nge2 Nd7 10. h4 Nf6 11. Qd2 Bd7 12. Bg5 a6 13. h5 b5 14. hxg6 hxg6 15. O-O-O b4 16. Nb1 Kf7 17. Rdf1 Rh8 18. exf5 gxf5 19. g4 Qc8 20. Ng3 f4 21. Bxf6 Bxf6 22. Ne4 Qc7 23. Qg2 Ng6 24. Nxf6 Kxf6 25. g5+ Kg7 26. Rh6 Nh4 27. Qh2 Nf5 28. Bxf5 Bxf5 29. Rh1 Qd8 30. Nd2 a5 31. Qh5 Qe8 32. Qh4 Qa4 33. Ne4 Bxe4 34. fxe4 b3 35. Rh7+ Kg6 36. Qh6# 1-0


[Site "https://www.chess.com"]

[Event "Titled Tuesday Blitz April 11 Early 2023"]
[White "Korobov, Anton"]
[Black "Ashraf, Artin"]
[WhiteFideId "14105730"]
[BlackFideId "22514805"]
[WhiteElo "2638"]
[BlackElo "2188"]
[Result "1-0"]
[Round "04"]
[TimeControl "180+2"]
[Date "2023.04.11"]
[WhiteClock "0:01:45"]
[BlackClock "0:01:27"]

1. d4 d5 2. c4 e6 3. Nc3 a6 4. c5 e5 5. e3 Nc6 6. Nf3 e4 7. Nd2 Be6 8. b4 g6 9. Rb1 Bh6 10. b5 axb5 11. Rxb5 Ra7 12. Qb3 Na5 13. Qb4 Ne7 14. Rxa5 Nc6 15. Bb5 1-0


[Site "https://www.chess.com"]

[Event "Titled Tuesday Blitz April 11 Early 2023"]
[White "Oparin, Grigoriy"]
[Black "Srihari L R"]
[WhiteFideId "24125890"]
[BlackFideId "46617116"]
[WhiteElo "2647"]
[BlackElo "2334"]
[Result "1-0"]
[Round "04"]
[TimeControl "180+2"]
[Date "2023.04.11"]
[WhiteClock "0:01:10"]
[BlackClock "0:00:01"]

1. e4 c6 2. Nc3 d5 3. Nf3 Bg4 4. h3 Bxf3 5. Qxf3 e6 6. Be2 Nd7 7. d4 dxe4 8. Nxe4 Ngf6 9. O-O Nxe4 10. Qxe4 Nf6 11. Qd3 Be7 12. Rd1 O-O 13. Bf3 Qc7 14. Qe2 Rad8 15. b3 Nd5 16. Bb2 Bf6 17. c4 Nf4 18. Qc2 Rd7 19. Rd2 Rfd8 20. Rad1 Ng6 21. g3 Ne7 22. Be4 g6 23. Kg2 Bg7 24. h4 h5 25. Rd3 Nc8 26. Qe2 Nd6 27. Bf3 Nf5 28. d5 Bxb2 29. Qxb2 cxd5 30. cxd5 exd5 31. Bxd5 Rxd5 32. Rxd5 Rxd5 33. Rxd5 Qc6 34. Qe5 Ne7 35. Qxe7 Qxd5+ 36. Kh2 Qd2 37. Kg1 Qxa2 38. Qxb7 a5 39. Qb5 Qa1+ 40. Kg2 Qc3 41. Qd5 Qb4 42. f3 Kg7 43. Qd1 Qc3 44. g4 hxg4 45. fxg4 Qb4 46. Kg3 Qc3+ 47. Qf3 Qe5+ 48. Kh3 Qb5 49. Qc3+ Kg8 50. Kg3 Qb8+ 51. Kf3 Qb5 52. Kf4 a4 53. bxa4 Qxa4+ 54. Kg5 Qb5+ 55. Kh6 Kf8 56. Qh8+ Ke7 57. Qd4 Qc6 58. Kg7 Qe6 59. Qc5+ Ke8 60. Qf8+ Kd7 61. Qxf7+ 1-0


[Site "https://www.chess.com"]

[Event "Titled Tuesday Blitz April 11 Early 2023"]
[White "Cherniaiev, Tykhon"]
[Black "Kramnik, Vladimir"]
[WhiteFideId "14182360"]
[BlackFideId "4101588"]
[WhiteElo "2450"]
[BlackElo "2712"]
[Result "0-1"]
[Round "04"]
[TimeControl "180+2"]
[Date "2023.04.11"]
[WhiteClock "0:00:14"]
[BlackClock "0:00:47"]

1. Nf3 Nf6 2. d4 e6 3. c4 Bb4+ 4. Bd2 Bxd2+ 5. Nbxd2 d6 6. g3 O-O 7. Bg2 Nc6 8. O-O e5 9. dxe5 dxe5 10. Qc2 Qe7 11. Ne4 Nxe4 12. Qxe4 f5 13. Qe3 f4 14. gxf4 exf4 15. Qxe7 Nxe7 16. Rad1 c6 17. b3 a5 18. a4 Bg4 19. h3 Bh5 20. Rd7 Nf5 21. Rxb7 Rfb8 22. Rxb8+ Rxb8 23. Ne5 Bxe2 24. Re1 f3 25. Nxf3 Bxf3 26. Bxf3 Nd4 27. Re3 Kf7 28. Kg2 Kf6 29. Be4 Rxb3 30. Rxb3 Nxb3 31. Bxc6 Ke5 32. Kf3 Nd4+ 33. Ke3 Nxc6 34. f4+ Kd6 35. Ke4 Kc5 36. Kf5 Nd4+ 37. Ke5 Kxc4 38. Kd6 Kb4 39. Ke7 Kxa4 40. Kf7 Nf5 41. Ke6 g6 42. Kf7 Kb5 43. Kg8 a4 44. Kxh7 Ne7 45. Kg7 a3 46. Kf6 a2 47. Kxe7 a1=Q 48. Kf7 Qb1 49. h4 Qf5+ 50. Kg7 Kc6 51. Kh6 Kd7 52. Kg7 Ke6 53. Kh6 Kf7 54. Kh7 Qh5# 0-1


[Site "https://www.chess.com"]

[Event "Titled Tuesday Blitz April 11 Early 2023"]
[White "Nguyen, Ngoc Truong Son"]
[Black "Fishchuk, Vladyslav"]
[WhiteFideId "12401110"]
[BlackFideId "34122117"]
[WhiteElo "2556"]
[BlackElo "2082"]
[Result "1-0"]
[Round "04"]
[TimeControl "180+2"]
[Date "2023.04.11"]
[WhiteClock "0:00:07"]
[BlackClock "0:00:07"]

1. d4 Nf6 2. c4 e6 3. Nc3 Bb4 4. e3 O-O 5. Bd2 d5 6. a3 Be7 7. Nf3 b6 8. cxd5 exd5 9. Bd3 Bb7 10. O-O c5 11. Ne5 Nc6 12. Nxc6 Bxc6 13. dxc5 bxc5 14. Ne2 Bd6 15. h3 Rb8 16. Bc3 a5 17. Qc2 a4 18. Rfd1 Qe7 19. Rd2 h6 20. Rad1 Rfd8 21. Bxf6 Qxf6 22. Nc3 Qe5 23. g3 d4 24. exd4 cxd4 25. Ne4 Rbc8 26. Qb1 f5 27. Nxd6 Rxd6 28. Rc1 Kh8 29. Bxf5 Rf8 30. Bd3 Qd5 31. Rxc6 Qxc6 32. Be4 Qc5 33. Qd3 Rc8 34. Kg2 Rb8 35. Rc2 Qe5 36. Rc4 Re8 37. f3 Rb8 38. Qc2 Rdd8 39. Bd3 Qe3 40. h4 Rf8 41. Be4 d3 42. Qxd3 Qxd3 43. Bxd3 Rxb2+ 44. Kh3 Rb3 45. Be4 Rxa3 46. Rc7 Re3 47. Ra7 a3 48. h5 Rexf3 49. Bxf3 Rxf3 50. Ra8+ Kh7 51. Kg4 Rb3 52. Kh4 Rc3 53. Kg4 Rb3 54. Kh4 g5+ 55. hxg6+ Kxg6 56. g4 Kf6 57. Ra6+ Kg7 58. Ra7+ Kg6 59. Ra6+ Kf7 60. Rxh6 Kg7 61. Ra6 Rc3 62. Kg5 Rb3 63. Ra7+ Kg8 64. Kh5 Rh3+ 65. Kg6 Kf8 66. g5 Rb3 67. Ra8+ Ke7 68. Kg7 Rb7 69. Rxa3 Ke6+ 70. Kg6 Rb6 71. Re3+ Kd5+ 72. Kh5 Kd4 73. Re1 Rb2 74. g6 Rh2+ 75. Kg5 Rg2+ 76. Kf6 Rf2+ 77. Ke7 Rg2 78. Kf7 Kd5 79. g7 Rf2+ 80. Kg8 Rg2 81. Rh1 Ke6 82. Kh7 Kf7 83. Rf1+ Ke7 84. g8=Q Rh2+ 85. Kg7 Rg2+ 86. Kh8 Rh2+ 87. Qh7+ Rxh7+ 88. Kxh7 1-0


[Site "https://www.chess.com"]

[Event "Titled Tuesday Blitz April 11 Early 2023"]
[White "Indjic, Aleksandar"]
[Black "Weetik, Vjacheslav"]
[WhiteFideId "911925"]
[BlackFideId "4153472"]
[WhiteElo "2614"]
[BlackElo "2469"]
[Result "1-0"]
[Round "04"]
[TimeControl "180+2"]
[Date "2023.04.11"]
[WhiteClock "0:00:14"]
[BlackClock "0:00:07"]

1. d4 d5 2. c4 e6 3. Nc3 Nf6 4. cxd5 exd5 5. Bg5 c6 6. e3 Be7 7. Bd3 Nbd7 8. Qc2 Nh5 9. Bxe7 Qxe7 10. Nge2 g6 11. g4 Ng7 12. h3 h5 13. O-O-O Nb6 14. a4 a5 15. Kb1 Bd7 16. Nf4 Qd6 17. f3 h4 18. Nfe2 O-O 19. e4 dxe4 20. fxe4 Qb4 21. Rhf1 Be6 22. d5 cxd5 23. Bb5 Rac8 24. Rd4 Qc5 25. Qd2 Nc4 26. Bxc4 dxc4 27. Nf4 Qe5 28. Nfd5 g5 29. Nf6+ Kh8 30. Rf5 Nxf5 31. Qxg5 Rg8 32. Qh5+ Kg7 33. exf5 Kxf6 34. Qxh4+ Kg7 35. Qg5+ Kf8 36. Qh6+ Ke8 37. Re4 Qg7 38. Qe3 Kf8 39. fxe6 fxe6 40. Rxe6 Qh7+ 41. Ka1 Rg7 42. Rh6 Qd3 43. Rh8+ Rg8 44. Qf4+ Ke7 45. Qe5+ Kd7 46. Rh6 Rc6 47. Rxc6 bxc6 48. Ka2 Re8 49. Qxa5 Rb8 50. Qa7+ Kc8 51. Qa6+ Kc7 52. Qa5+ Kc8 53. Qf5+ Qxf5 54. gxf5 Kc7 55. Ne4 Rf8 56. f6 Kd7 57. Ka3 Ke6 58. Kb4 Kd5 59. Nc3+ Kd4 60. Ne2+ Ke5 61. Kxc4 Rxf6 62. b3 Rf2 63. Nc3 Kd6 64. Ne4+ 1-0


[Site "https://www.chess.com"]

[Event "Titled Tuesday Blitz April 11 Early 2023"]
[White "Schmakel, Sam"]
[Black "Grigoriants, Sergey"]
[WhiteFideId "2039311"]
[BlackFideId "4130804"]
[WhiteElo "2356"]
[BlackElo "2502"]
[Result "0-1"]
[Round "04"]
[TimeControl "180+2"]
[Date "2023.04.11"]
[WhiteClock "0:00:03"]
[BlackClock "0:00:07"]

1. Nf3 Nf6 2. g3 b5 3. Bg2 Bb7 4. O-O e6 5. b3 d5 6. c4 a6 7. Bb2 Nbd7 8. cxd5 Nxd5 9. d4 Be7 10. Nc3 O-O 11. Nxd5 Bxd5 12. Qd3 c5 13. e4 Bb7 14. Rfd1 Nf6 15. Qe3 Qb6 16. d5 exd5 17. exd5 Rfe8 18. Nh4 Nxd5 19. Qf3 Rad8 20. Nf5 Bf6 21. Bxf6 Qxf6 22. Rac1 c4 23. bxc4 bxc4 24. Rxc4 Nb6 25. Rxd8 Rxd8 26. Qxb7 Nxc4 27. Ne7+ Kh8 28. Bd5 Nd6 29. Qc7 Re8 30. Nc6 Rf8 31. Qd7 Nf5 32. h4 Nd4 33. Kg2 Nxc6 34. Bxc6 Qe6 35. Qb7 Qxa2 36. Bd5 Qa5 37. Bxf7 Qf5 38. Bd5 Qxf2+ 39. Kh3 Qf6 40. Bc6 a5 41. Bd5 g6 42. Qa7 Qf5+ 0-1


[Site "https://www.chess.com"]

[Event "Titled Tuesday Blitz April 11 Early 2023"]
[White "Kollars, Dmitrij"]
[Black "Nazari, Arad"]
[WhiteFideId "12909572"]
[BlackFideId "12577324"]
[WhiteElo "2584"]
[BlackElo "2242"]
[Result "0-1"]
[Round "04"]
[TimeControl "180+2"]
[Date "2023.04.11"]
[WhiteClock "0:00:02"]
[BlackClock "0:00:07"]

1. e4 c5 2. c3 d5 3. exd5 Qxd5 4. d4 g6 5. Nf3 Bg7 6. Nbd2 Nf6 7. Bc4 Qd6 8. O-O O-O 9. Nb3 cxd4 10. Qxd4 Qxd4 11. Nbxd4 a6 12. Re1 Re8 13. Ne5 e6 14. Bg5 b6 15. Rad1 Bb7 16. a4 Ne4 17. Nef3 Nxg5 18. Nxg5 Nc6 19. Nxc6 Bxc6 20. Rd6 Rec8 21. Nxe6 Bxa4 22. Nxg7 Rxc4 23. b3 Bxb3 24. Ne8 Rxc3 25. Rxb6 a5 26. Nf6+ Kg7 27. Ne4 Re8 28. f3 a4 29. Ra1 Rc2 30. Rb7 h6 31. h4 Rd8 32. Kh2 Rd4 33. Kg3 Bd5 34. Ra7 Bxe4 35. fxe4 Rc3+ 36. Kf4 Rcc4 37. Re1 Rd2 38. Kf3 Rc3+ 39. Re3 Rxe3+ 40. Kxe3 Rxg2 41. Rxa4 Rg4 42. h5 g5 43. Ra7 Rh4 44. e5 Kf8 0-1


[Site "https://www.chess.com"]

[Event "Titled Tuesday Blitz April 11 Early 2023"]
[White "Movahed, Sina"]
[Black "Zhu, Jiner"]
[WhiteFideId "42520835"]
[BlackFideId "8608059"]
[WhiteElo "2225"]
[BlackElo "2384"]
[Result "0-1"]
[Round "04"]
[TimeControl "180+2"]
[Date "2023.04.11"]
[WhiteClock "0:00:13"]
[BlackClock "0:00:10"]

1. Nf3 Nf6 2. g3 g6 3. Bg2 Bg7 4. O-O O-O 5. c4 c6 6. d4 d5 7. cxd5 cxd5 8. Ne5 Nbd7 9. Nc3 e6 10. Nd3 b6 11. a4 Ne8 12. e4 dxe4 13. Bxe4 Ba6 14. Bxa8 Qxa8 15. Nb5 Bb7 16. Be3 a6 17. Nc3 Nd6 18. d5 exd5 19. Nf4 Nf5 20. Nfxd5 Bxc3 21. Nxc3 Ne5 22. Re1 Nf3+ 23. Kf1 Nxh2+ 24. Kg1 Nf3+ 25. Kf1 Nxe1 26. Kxe1 Re8 27. Qd3 Qb8 28. Ne2 Nxe3 29. fxe3 Qe5 30. Qb3 Qxe3 31. Qxe3 Rxe3 32. Kd2 Re5 33. Rc1 Re7 34. Rc3 h5 35. Rb3 Re6 36. Nd4 Rd6 37. Ke3 Kg7 38. a5 b5 39. Rc3 Bd5 40. Rc7 Kf6 41. b4 Bc4 42. Nc6 Rd3+ 43. Kf2 Rd2+ 44. Ke3 Rd3+ 45. Kf2 Rd2+ 46. Kg1 Rd1+ 47. Kf2 Rf1+ 48. Ke3 Re1+ 49. Kd4 Rg1 50. Ra7 Rxg3 51. Rxa6 Kg7 52. Ne5 Rg1 53. Ra7 Rd1+ 54. Ke3 h4 55. Nf3 h3 56. Kf2 Rf1+ 57. Kg3 Bd5 58. Nh2 Rb1 59. Kxh3 Rxb4 60. Kg3 Bc4 61. Ng4 Rb3+ 62. Kf4 Ra3 63. Ne5 Be6 64. Nc6 b4 65. Ke5 b3 66. Nd8 Bc4 67. Kd4 b2 68. Rb7 Rb3 69. Kxc4 Rxb7 70. Nxb7 b1=Q 71. Nc5 Qa1 72. Kb5 g5 73. a6 g4 74. Nb3 Qa2 75. Na5 Qd5+ 76. Kb6 Qd8+ 77. Kb5 g3 78. Nc6 Qa8 79. Kb6 g2 80. a7 Qxa7+ 81. Kxa7 g1=Q+ 82. Kb7 Qg2 83. Kc7 Qxc6+ 84. Kxc6 Kf6 85. Kd5 Kf5 86. Kd4 Kf4 87. Kd3 f5 88. Ke2 Kg3 89. Kf1 f4 90. Kg1 Kf3 91. Kf1 Ke3 92. Ke1 f3 93. Kf1 f2 94. Kg2 Ke2 95. Kg3 0-1


[Site "https://www.chess.com"]

[Event "Titled Tuesday Blitz April 11 Early 2023"]
[White "Zhigalko, Sergei"]
[Black "Poliakova, Varvara"]
[WhiteFideId "13502956"]
[BlackFideId "13518313"]
[WhiteElo "2626"]
[BlackElo "2075"]
[Result "1-0"]
[Round "04"]
[TimeControl "180+2"]
[Date "2023.04.11"]
[WhiteClock "0:00:05"]
[BlackClock "0:00:06"]

1. e4 e5 2. Nf3 Nc6 3. Bc4 Bc5 4. b4 Bxb4 5. c3 Ba5 6. d4 exd4 7. O-O Nf6 8. Ba3 d6 9. e5 Ne4 10. exd6 cxd6 11. Re1 O-O 12. Rxe4 d5 13. Rh4 dxc4 14. Bxf8 Qxf8 15. Nxd4 Nxd4 16. Rxd4 Be6 17. h3 Rc8 18. a4 g6 19. Ra2 Bd8 20. Re2 Bf6 21. Rd6 Qe7 22. Re3 Kg7 23. Na3 Kg8 24. Nc2 Bg7 25. Nb4 Qg5 26. Nc2 Qc5 27. Re2 Bf8 28. Rd8 a6 29. Rxc8 Qxc8 30. Nd4 Bd7 31. Nf3 b5 32. Ne5 Be6 33. axb5 axb5 34. Rd2 Qc5 35. Nd7 Qf5 36. Nxf8 Kxf8 37. Rd8+ Kg7 38. Qd4+ Kh6 39. Qh4+ Kg7 40. Qd4+ Kh6 41. f3 Qb1+ 42. Kh2 Qf5 43. Rd6 g5 44. Rb6 Kg6 45. Kh1 Qb1+ 46. Kh2 Qf5 47. Rb7 h5 48. Rb6 h4 49. Qe4 Qxe4 50. fxe4 Kf6 51. Rxb5 Kg6 52. Rc5 Kf6 53. Kg1 Ke7 54. Rxg5 Kf6 55. Rh5 1-0


[Site "https://www.chess.com"]

[Event "Titled Tuesday Blitz April 11 Early 2023"]
[White "Haub, Thorsten Michael"]
[Black "Mitrabha, Guha"]
[WhiteFideId "4610776"]
[BlackFideId "5057000"]
[WhiteElo "2344"]
[BlackElo "2507"]
[Result "0-1"]
[Round "04"]
[TimeControl "180+2"]
[Date "2023.04.11"]
[WhiteClock "0:00:13"]
[BlackClock "0:00:08"]

1. g3 d5 2. Bg2 c6 3. d3 e5 4. Nd2 Nf6 5. e4 Bd6 6. Ngf3 O-O 7. O-O Bg4 8. h3 Bh5 9. Qe1 Re8 10. a3 a5 11. b3 Nbd7 12. Nh4 Nc5 13. Bb2 Ne6 14. Ndf3 dxe4 15. dxe4 Qb8 16. Nf5 Bc7 17. Qe3 b5 18. Rfd1 Bg6 19. a4 bxa4 20. Rxa4 Bb6 21. Bxe5 Qa7 22. Qe1 Nc5 23. Nd6 Re6 24. Bxf6 Nxa4 25. Ba1 Nc5 26. Ng5 Ree8 27. Qc3 f6 28. Qc4+ Kf8 29. Nf3 Nxe4 30. Nxe4 Bxe4 31. Nd4 Bxg2 32. Kxg2 Bxd4 33. Rxd4 Qf7 34. Qxc6 Rac8 35. Qd6+ Kg8 36. c4 Qb7+ 37. Qd5+ Qxd5+ 38. Rxd5 Rb8 39. Rxa5 Rxb3 40. c5 Re7 41. Bd4 Kf7 42. Ra6 Rc7 43. h4 Rb4 44. Be3 Re4 45. Kf3 Re6 46. Ra5 h5 47. Kf4 Kg6 48. Kf3 Re5 49. g4 hxg4+ 50. Kxg4 Rc8 51. Kg3 Rh8 52. Ra7 Re6 53. Rc7 Ra8 54. c6 Ra6 55. h5+ Kxh5 56. Rxg7 Raxc6 57. Rh7+ Kg6 58. Rh6+ Kg7 59. Rh4 Re8 60. Rg4+ Kf7 61. Rd4 Rce6 62. Kf3 Rh8 63. Rd7+ Kg6 64. Rd4 Rh3+ 65. Kg2 Rh5 66. Rg4+ Kf5 67. Rg3 Re8 68. Rf3+ Ke6 69. Rg3 Kf7 70. Kf3 Rg8 71. Bf4 Rxg3+ 72. fxg3 Rb5 73. g4 Ke6 74. Be3 Rb4 75. Bf4 Kd5 76. g5 f5 77. g6 Ke6 78. Bh6 Rh4 79. g7 Kf7 80. Bg5 Rg4 81. Bh6 Rg6 82. Be3 Kxg7 83. Kf4 Kf6 84. Bd4+ Ke6 0-1


[Site "https://www.chess.com"]

[Event "Titled Tuesday Blitz April 11 Early 2023"]
[White "Nakamura, Hikaru"]
[Black "Ioannidis, Evgenios"]
[WhiteFideId "2016192"]
[BlackFideId "4229274"]
[WhiteElo "2885"]
[BlackElo "2386"]
[Result "1-0"]
[Round "04"]
[TimeControl "180+2"]
[Date "2023.04.11"]
[WhiteClock "0:01:00"]
[BlackClock "0:00:15"]

1. Nf3 d5 2. e3 Nf6 3. c4 c6 4. Nc3 g6 5. d4 Bg7 6. h3 O-O 7. Bd3 b6 8. O-O Ba6 9. b3 Nbd7 10. cxd5 Bxd3 11. Qxd3 Nxd5 12. Nxd5 cxd5 13. Ba3 Re8 14. Rac1 Nf8 15. Rc2 Qd7 16. Rfc1 Ne6 17. Qa6 f6 18. Bb4 Kf7 19. a4 Reb8 20. Ne1 Qb7 21. Qe2 Rc8 22. Nd3 Rxc2 23. Qxc2 Rd8 24. Ba3 Rd7 25. Qe2 Rc7 26. Re1 Rc3 27. Bb4 Rc8 28. h4 Bf8 29. g4 a5 30. Bd2 Ng7 31. f3 e6 32. e4 dxe4 33. fxe4 Qd7 34. Qf2 Be7 35. Ne5+ 1-0


[Site "https://www.chess.com"]

[Event "Titled Tuesday Blitz April 11 Early 2023"]
[White "Amilal Munkhdalai"]
[Black "Svane, Rasmus"]
[WhiteFideId "4903250"]
[BlackFideId "4657101"]
[WhiteElo "2293"]
[BlackElo "2597"]
[Result "0-1"]
[Round "04"]
[TimeControl "180+2"]
[Date "2023.04.11"]
[WhiteClock "0:00:15"]
[BlackClock "0:00:09"]

1. e4 c6 2. d4 d5 3. exd5 cxd5 4. Bd3 Nc6 5. c3 Nf6 6. h3 g6 7. Nf3 Bf5 8. Bxf5 gxf5 9. O-O e6 10. Bg5 Be7 11. Bxf6 Bxf6 12. Qe2 Qc7 13. Re1 Rg8 14. Nbd2 O-O-O 15. Ne5 Rg7 16. Nxc6 Qxc6 17. Kh1 Rdg8 18. Rg1 Kb8 19. Nf3 Qd6 20. Rae1 Rc8 21. Ne5 Bxe5 22. Qxe5 Qxe5 23. Rxe5 h5 24. g3 Kc7 25. Rge1 Kd6 26. h4 Rg4 27. R5e3 f4 28. Rf3 fxg3 29. fxg3 f5 30. Kg2 b5 31. Rfe3 Re4 32. Rxe4 dxe4 33. Rc1 a5 34. Kf2 Kd5 35. Ke3 Rc7 36. b3 Rc8 37. Rc2 e5 38. dxe5 Kxe5 39. c4 bxc4 40. Rxc4 Rxc4 41. bxc4 a4 42. a3 Ke6 43. Kd4 Kd6 44. c5+ Kc6 45. Kc4 e3 46. Kd3 Kxc5 47. Kxe3 Kc4 48. Kf4 Kb3 49. Kxf5 Kxa3 50. g4 hxg4 51. h5 g3 52. h6 g2 53. h7 g1=Q 54. h8=Q Qc5+ 55. Ke4 Qc4+ 56. Kf5 Qd5+ 57. Kf4 Qd6+ 58. Kf5 Kb4 59. Qb2+ Ka5 60. Qc3+ Kb5 61. Qb2+ Qb4 62. Qe2+ Qc4 63. Qe8+ Qc6 64. Qb8+ Kc4 65. Qf4+ Kb3 66. Qe3+ Qc3 67. Qe6+ Qc4 68. Qb6+ Kc2 69. Qf2+ Kb1 70. Qe1+ Kb2 71. Qf2+ Qc2+ 0-1


[Site "https://www.chess.com"]

[Event "Titled Tuesday Blitz April 11 Early 2023"]
[White "Matinian, Nikita"]
[Black "Demchenko, Anton"]
[WhiteFideId "24129100"]
[BlackFideId "4160258"]
[WhiteElo "2422"]
[BlackElo "2545"]
[Result "0-1"]
[Round "04"]
[TimeControl "180+2"]
[Date "2023.04.11"]
[WhiteClock "0:00:01"]
[BlackClock "0:00:13"]

1. e4 e5 2. Nc3 Nf6 3. g3 d5 4. exd5 Nxd5 5. Bg2 Nxc3 6. bxc3 Bd6 7. Nf3 O-O 8. O-O Re8 9. d3 Nd7 10. Ng5 Nf8 11. Qh5 Qe7 12. Bd5 Be6 13. Nxe6 Nxe6 14. Bxb7 Rab8 15. Bg2 g6 16. Qf3 f5 17. Qd5 h5 18. Bd2 Kh7 19. Rab1 Rbd8 20. Rb7 e4 21. Qc4 h4 22. dxe4 f4 23. Qe2 hxg3 24. hxg3 fxg3 25. fxg3 Bxg3 26. Be1 Qc5+ 27. Bf2 Bxf2+ 28. Qxf2 Qxc3 29. Rb3 Qd4 30. Bh3 Ng5 31. Qxd4 Rxd4 32. Bg2 Rc4 33. Ra3 Rxc2 34. Rxa7 Re5 35. Rf2 Rc1+ 36. Kh2 Ne6 37. a4 Rh5+ 38. Kg3 Rc3+ 39. Rf3 Rg5+ 40. Kh2 Rc2 41. Rg3 Kh6 42. Rxg5 Kxg5 43. Kg3 Rc3+ 44. Kf2 Nf4 45. Bf1 Kg4 46. a5 Rf3+ 47. Ke1 Ra3 48. a6 Kf3 49. Bb5 Ke3 50. Kd1 Ne6 51. Rb7 Nd4 52. Kc1 Nxb5 53. Rxb5 Rxa6 54. Rb4 Re6 55. Kd1 Rxe4 56. Rb7 Re7 57. Rb5 Kf4 58. Rc5 g5 0-1


[Site "https://www.chess.com"]

[Event "Titled Tuesday Blitz April 11 Early 2023"]
[White "Dronavalli, Harika"]
[Black "Rakhmatullaev, Almas"]
[WhiteFideId "5015197"]
[BlackFideId "14205793"]
[WhiteElo "2432"]
[BlackElo "2221"]
[Result "0-1"]
[Round "04"]
[TimeControl "180+2"]
[Date "2023.04.11"]
[WhiteClock "0:00:14"]
[BlackClock "0:00:09"]

1. e4 e5 2. Nf3 Nf6 3. Nc3 Nc6 4. d4 Bb4 5. d5 Ne7 6. Bd3 Bxc3+ 7. bxc3 d6 8. c4 b6 9. h4 Bg4 10. Bg5 Neg8 11. a4 a5 12. Qe2 h6 13. Bd2 Ne7 14. Qe3 Bd7 15. Nh2 Ng6 16. g3 O-O 17. Be2 Qe8 18. h5 Ne7 19. g4 Nh7 20. Qb3 Kh8 21. Rg1 f6 22. Nf3 Ng5 23. Nxg5 fxg5 24. f3 Ng8 25. Be3 Nf6 26. Kd2 Bc8 27. Kc1 Nd7 28. Qc3 Nc5 29. Bxc5 bxc5 30. Rb1 Bd7 31. Rb7 Qc8 32. Qb2 Bxa4 33. Kd2 Bd7 34. Ra1 a4 35. c3 Ra6 36. Bd1 Kh7 37. Ra3 Ra8 38. Ke3 Qd8 39. Kd2 Rc8 40. Kc1 Qf6 41. Qd2 Qd8 42. Qb2 Ra8 43. Kb1 Ra6 44. Ka2 Qa8 45. Qb1 Rc8 46. Rb2 Qa7 47. Rb7 Qa8 48. Qb2 Ra7 49. Rxa7 Qxa7 50. Qc1 Qa6 51. Bc2 Qxc4+ 52. Ka1 Rb8 53. Bb1 Rb3 54. Rxb3 axb3 55. Kb2 Qa4 56. Qe3 Bb5 57. Qd2 Bc4 58. Qe3 Qa6 59. Qd2 Be2 60. Qe3 Bd1 61. Qf2 Qe2+ 62. Qxe2 Bxe2 63. c4 Bxc4 64. Kc3 Be2 65. Kxb3 Bxf3 66. Kc3 Bxg4 67. Kd2 Bxh5 68. Ke3 Be8 69. Bd3 Kg6 70. Be2 Kf6 71. Bg4 h5 72. Bf5 g4 73. Kf2 Kg5 0-1


[Site "https://www.chess.com"]

[Event "Titled Tuesday Blitz April 11 Early 2023"]
[White "Jaferian, Koosha"]
[Black "Eljanov, Pavel"]
[WhiteFideId "12507440"]
[BlackFideId "14102951"]
[WhiteElo "2073"]
[BlackElo "2598"]
[Result "0-1"]
[Round "04"]
[TimeControl "180+2"]
[Date "2023.04.11"]
[WhiteClock "0:00:15"]
[BlackClock "0:00:47"]

1. e4 c6 2. d4 d5 3. exd5 cxd5 4. Bd3 Nf6 5. c3 Bg4 6. Qb3 Qc7 7. h3 Bd7 8. Nf3 e6 9. Bg5 Bd6 10. Nbd2 Bc6 11. O-O Ne4 12. Be3 Nd7 13. Rfe1 O-O 14. Ng5 Nxg5 15. Bxg5 h6 16. Be3 b5 17. a3 a5 18. Qc2 Nb6 19. Nb3 Nc4 20. Nc5 a4 21. Bxc4 bxc4 22. Rad1 Rfe8 23. Re2 e5 24. dxe5 Rxe5 25. Bd4 Rg5 26. Be3 Bxc5 27. Bxc5 d4 28. Bxd4 Rxg2+ 29. Kf1 Qh2 30. Re3 Qh1+ 31. Ke2 Rxf2+ 32. Kxf2 Qg2+ 33. Ke1 Qxc2 34. Rg3 Re8+ 35. Be3 Qxb2 0-1


[Site "https://www.chess.com"]